 Dungeon Crawl Stone Soup version 0.31.0-10-gcf4a605ca0 (webtiles) character file.

Game seed: 11308404575038173081

59 night the Chiller (level 3, -4/27 HPs)
             Began as a Demonspawn Ice Elementalist on Jan 25, 2024.
             Slain by an iguana (10 damage)
             ... on level 3 of the Dungeon.
             The game lasted 00:05:21 (1640 turns).

night the Chiller (Demonspawn Ice Elementalist)     Turns: 1640, Time: 00:05:21

Health: -4/27      AC:  3    Str:  8    XL:     3   Next: 78%
Magic:  5/7        EV: 12    Int: 17    God:
Gold:   39         SH:  0    Dex: 13    Spells: 3/7 levels left

rFire   . . .        c - +1 hand axe (heavy)
rCold   . . .        (no shield)
rNeg    . . .        a - +0 robe
rPois   .            (helmet restricted)
rElec   .            (no cloak)
rCorr   .            j - +0 pair of gloves
SInv    .            (no boots)
Will    .....        (no amulet)
Stlth   ++           (no ring)
HPRegen 0.24/turn    (no ring)
MPRegen 0.10/turn

%: no passive effects
@: no status effects
A: horns 1, demonic guardian 1
a: no special abilities


You were on level 3 of the Dungeon.
You visited 1 branch of the dungeon, and saw 3 of its levels.

You collected 39 gold pieces.

Inventory:

Hand Weapons
 c - a +1 heavy hand axe (weapon)
Missiles
 d - 19 stones
 e - 7 poisoned darts
Armour
 a - a +0 robe (worn)
 j - a +0 pair of gloves (worn)
Jewellery
 f - a ring of wizardry
Scrolls
 h - a scroll of teleportation {unknown}
 i - 2 scrolls of acquirement {unknown}
 l - 3 scrolls of blinking {unknown}
 m - a scroll of identify {unknown}
Potions
 b - a potion of magic
 g - a potion of mutation {unknown}
 k - 2 potions of heal wounds {unknown}


   Skills:
 + Level 1.9 Fighting
 - Level 1.7 Dodging
 - Level 1.7 Stealth
 + Level 2.7 Spellcasting
 + Level 4.1 Ice Magic


You had 3 spell levels left.
You knew the following spells:

 Your Spells              Type           Power      Damage    Failure   Level
a - Freeze                Ice            64%        1d7       3%          1
c - Frozen Ramparts       Ice            32%        1d5       10%         3

Your spell library contained the following spells:

 Spells                   Type           Power      Damage    Failure   Level
 Ozocubu's Armour         Ice            16%        N/A       10%         3
 Summon Ice Beast         Ice/Summ       9%         N/A       24%         3
 Leda's Liquefaction      Alch/Erth      1%         N/A       87%         4
 Petrify                  Alch/Erth      2%         N/A       87%         4
 Metabolic Englaciation   Hex/Ice        4%         N/A       91%         5


Dungeon Overview and Level Annotations

Branches:
Dungeon (3/15)

Altars:
Wu Jian


Innate Abilities, Weirdness & Mutations

You have a pair of small horns on your head.
A weak demonic guardian rushes to your aid.


Message History

An iguana comes into view.
Found a stone staircase leading down.
The iguana hisses angrily.
The iguana bites you.
You closely miss the iguana. You headbutt the iguana.
The iguana is moderately wounded.
The iguana bites you! The iguana barely misses you.
You closely miss the iguana.
The iguana is moderately wounded.
The iguana misses you. The iguana barely misses you.
You hit the iguana.
You headbutt the iguana, but do no damage.
The iguana is severely wounded.
The iguana barely misses you. The iguana completely misses you.
You barely miss the iguana.
The iguana is severely wounded.
The iguana closely misses you. The iguana bites you.
You closely miss the iguana.
The iguana is severely wounded.
The iguana bites you!
* * * LOW HITPOINT WARNING * * *
You are too injured to fight recklessly!
You are too injured to fight recklessly!
Casting: Frozen Ramparts (quite dangerous; 10% risk of failure)
Confirm with . or Enter, or press ? or * to list all spells.
Aiming: Freeze (safe; 3% risk of failure)
Press: ? - help, Shift-Dir - straight line, f - iguana
Aim: an iguana (severely wounded)
You freeze the iguana.
The iguana is almost dead.
The iguana seems to slow down.
The iguana misses you.
Casting: Freeze (safe; 3% risk of failure)
Confirm with . or Enter, or press ? or * to list all spells.
Aiming: Freeze (safe; 3% risk of failure)
Press: ? - help, Shift-Dir - straight line, f/p - iguana
Aim: an iguana (almost dead, slow)
You freeze the iguana.
The iguana is almost dead.
The iguana bites you!
You die...

###.########.............##.
#.................##.#####
######.###.#######...#.##.#
#......# #...# #####.##.#
#.####.###.#.# #.##.#
#...†.#.# ## #.##.#######
###.#.# # ##># #...........
#..#.#.###...###...........
#.##.#.......@....#########
#.##.#####..l###..# # #.##.#
##.# ##..### # ######.##.#
## #.....#######
.....#.##.########
##..#........
##.............#
##<#..######
#.......######<# #.#..#
#.##.##.# #.# #.#..# #.
#....######.#####)#..######


You could see an iguana (slow).

Vanquished Creatures
  A dart slug (D:1)
  3 ribbon worms
  3 endoplasms
  2 giant cockroaches
  6 goblins
  4 hobgoblins
  3 jackals (D:2)
  A quokka (D:2)
  3 ball pythons
  8 bats
  2 frilled lizards
  3 kobolds
  5 rats
44 creatures vanquished.

Notes
Turn   | Place    | Note
-------+----------+-------------------------------------------
     0 | D:1      | night the Demonspawn Ice Elementalist began the quest for
                  | the Orb.
     0 | D:1      | Reached XP level 1. HP: 13/13 MP: 3/3
   254 | D:1      | Discovered your monstrous ancestry.
   254 | D:1      | Gained mutation: You have a pair of small horns on your
                  | head. [demonic ancestry]
   254 | D:1      | Reached XP level 2. HP: 20/20 MP: 3/5
   414 | D:1      | Reached skill level 1 in Fighting
   834 | D:2      | Gained mutation: A weak demonic guardian rushes to your
                  | aid. [demonic ancestry]
   834 | D:2      | Reached XP level 3. HP: 26/26 MP: 6/6
   840 | D:2      | Learned a level 3 spell: Frozen Ramparts
   853 | D:2      | Reached skill level 4 in Ice Magic
  1332 | D:2      | Found an ornate altar of the Wu Jian Council.
  1640 | D:3      | Slain by an iguana

Illustrated notes

Levels and vault maps discovered:
D:1:      enne_arrival_octagon_isle, layout_loops_ring, minmay_fountain_box
D:2:      layout_rooms, basic_altar
D:3:      layout_loops_ring, marbit_many_paths, uniq_ijyb

Skill      XL: |  1  2  3 |
---------------+----------+-----
Fighting       | 1 |  1.9
Ice Magic      | 4 |  4.1
Dodging        | |  1.7
Stealth        | |  1.7
Spellcasting   | |  2.7

Action                     || total
---------------------------++-------
  Melee: Hand axe          ||    94
         Headbutt          ||    15
   Cast: Freeze            ||     8
         Frozen Ramparts   ||     2
   Stab: Sleeping          ||     8
 Armour: Robe              ||    66
  Dodge: Dodged            ||    77
